 Dungeon Crawl Stone Soup version 0.22.3-3-g34f245f157 (webtiles) character file.

106130 rockstonesolid the Warrior (level 16, -3/140 HPs)
             Began as an Octopode Chaos Knight on Jan 13, 2022.
             Was an Elder of Okawaru.
             Slain by a troll (7 damage)
             ... led by an orc warlord
             ... on level 1 of the Orcish Mines on Jan 14, 2022.
             The game lasted 00:48:56 (38143 turns).

rockstonesolid the Warrior (Octopode Chaos Knight) Turns: 38143, Time: 00:48:57

Health: -3/140     AC:  2    Str: 15    XL:     16   Next: 43%
Magic:  25/25      EV: 20    Int: 23    God:    Okawaru [****..]
Gold:   1403       SH: 26    Dex: 12    Spells: 22/31 levels left

rFire    + . .     SeeInvis .     - Unarmed
rCold    + + .     Gourm    .   T - +3 large shield
rNeg     . . .     Faith    .   R - +1 hat "Pamim" {MR+ rCorr Slay+5}
rPois    +         Spirit   .   c - +4 amulet of reflection
rElec    .         Reflect  +   u - ring of resist corrosion
rCorr    +         Harm     .   E - ring of protection from magic
MR       +++..                  N - ring of ice
Stlth    ++++......             J - ring of protection from fire
HPRegen  0.33/turn              w - ring of flight
MPRegen  0.19/turn              V - ring "Plog" {rPois rF- rC+ Int+4}
                                (no ring)
                                (no ring)

@: heroism
A: almost no armour, stealthy swim, amphibious, 8 rings, constrict 8, camouflage
1, blurry vision 1, fire resistance 2, low mp 1, sense surroundings 1, robust 1,
strong 1, gelatinous body 1
a: Heroism, Renounce Religion, Evoke Flight


You were on level 1 of the Orcish Mines.
You worshipped Okawaru.
Okawaru was greatly pleased with you.
You were not hungry.

You visited 4 branches of the dungeon, and saw 24 of its levels.

You collected 2513 gold pieces.
You spent 1110 gold pieces at shops.

Inventory:

Armour
 B - the +0 mask of the Dragon {MR+ Slay+3 SInv}
   (Okawaru gifted it to you on level 3 of the Lair of Beasts)

   It affects your accuracy and damage with ranged weapons and melee attacks
   (+3).
   It affects your resistance to hostile enchantments.
   It lets you see invisible.
 R - the +1 hat "Pamim" (worn) {MR+ rCorr Slay+5}
   (Okawaru gifted it to you on level 13 of the Dungeon)

   It affects your accuracy and damage with ranged weapons and melee attacks
   (+5).
   It affects your resistance to hostile enchantments.
   It provides partial protection from all sources of acid and corrosion.
 T - a +3 large shield (worn)
Jewellery
 c - a +4 amulet of reflection (around mantle)
 u - a ring of resist corrosion (left tentacle)
 w - a ring of flight (on tentacle)
 y - an uncursed amulet of the acrobat {unknown}
 E - a ring of protection from magic (right tentacle)
 H - an uncursed amulet of the gourmand {unknown}
 J - a ring of protection from fire (on tentacle)
 N - a ring of ice (on tentacle)
 P - an uncursed amulet of harm {unknown}
 Q - the amulet of the Four Winds {rN+ MR+++ Clar}
   (You found it on level 13 of the Dungeon)

   [amulet of nothing]

   It protects you from negative energy.
   It affects your resistance to hostile enchantments.
   It protects you against confusion.
 V - the ring "Plog" (on tentacle) {rPois rF- rC+ Int+4}
   (You found it on level 4 of the Lair of Beasts)

   [ring of poison resistance]

   It affects your intelligence (+4).
   It makes you vulnerable to fire.
   It protects you from cold.
   It protects you from poison.
Wands
 n - a wand of paralysis (20)
 x - a wand of flame (57)
 D - a wand of disintegration (13)
 G - a wand of acid (14) {@v1}
Scrolls
 b - 8 scrolls of magic mapping {@r5}
 d - 13 scrolls of remove curse {@r2}
 i - 3 scrolls of fear
 j - 17 scrolls of teleportation {@r3}
 k - 5 scrolls of blinking {@r4}
 p - a scroll of summoning
 v - 5 scrolls of fog
 A - 2 scrolls of enchant armour
 C - a scroll of holy word
 I - 2 scrolls of vulnerability
 O - 2 scrolls of immolation
Potions
 e - 4 potions of brilliance
 f - 3 potions of invisibility
 g - 4 potions of lignification
 h - 4 potions of heal wounds {@q2}
 l - 2 potions of ambrosia
 m - 3 potions of cancellation
 q - 6 potions of degeneration
 r - 6 potions of curing {@q1}
 s - 3 potions of might {unknown}
 t - 5 potions of agility {unknown}
 z - 2 potions of flight {unknown}
 M - a potion of haste {unknown}
Miscellaneous
 L - a lightning rod (1/4)
 S - a lamp of fire (inert)
Comestibles
 a - 39 rations
 o - 6 chunks of flesh


   Skills:
 - Level 18.3(23.3) Fighting
 - Level 11.0(16.0) Dodging
 + Level 10.2(15.2) Shields
 * Level 9.7(14.7) Unarmed Combat
 - Level 8.0 Spellcasting
 + Level 2.8 Charms
 - Level 6.0 Necromancy
 - Level 5.7 Invocations
 - Level 6.9 Evocations


You had 22 spell levels left.
You knew the following spells:

 Your Spells              Type           Power        Failure   Level  Hunger
a - Mephitic Cloud        Conj/Pois/Air  #.......     58%         3    None
b - Ozocubu's Armour      Chrm/Ice       ###.....     38%         3    None
c - Regeneration          Chrm/Necr      ####......   12%         3    None

Your spell library contained the following spells:

 Spells                   Type           Power        Failure   Level  Hunger
 Infusion                 Chrm           ###.         8%          1    None
 Song of Slaying          Chrm           ###.....     12%         2    None
 Shroud of Golubria       Chrm/Tloc      ###.......   21%         2    None
 Corona                   Hex            #......      24%         1    None
 Freeze                   Ice            ##..         24%         1    None
 Sting                    Conj/Pois      #...         24%         1    None
 Poisonous Vapours        Pois/Air       #.....       36%         2    None
 Slow                     Hex            #.......     36%         2    None
 Throw Frost              Conj/Ice       ##....       36%         2    None
 Spectral Weapon          Hex/Chrm       ###.....     38%         3    None
 Inner Flame              Hex/Fire       #.......     58%         3    None
 Portal Projectile        Hex/Tloc       #.....       58%         3    None
 Cause Fear               Hex            #.........   94%         4    ###....
 Leda's Liquefaction      Hex/Erth       #.........   94%         4    ###....
 Olgreb's Toxic Radiance  Pois           #.......     94%         4    ###....
 Summon Ice Beast         Ice/Summ       ##......     94%         4    ###....
 Throw Icicle             Conj/Ice       ##......     94%         4    ###....
 Venom Bolt               Conj/Pois      #.........   100%        5    #####..


Dungeon Overview and Level Annotations

Branches:
Dungeon (15/15)            Temple (1/1) D:7            Lair (6/6) D:10
  Swamp (0/4) Lair:3       Spider (0/4) Lair:4        Slime (0/5) Lair:6
    Orc (2/2) D:11            Elf (0/3) Orc:2        Vaults (0/5) D:13
 Depths (0/5) D:15

Altars:
Ashenzari
Cheibriados
Dithmenos
Elyvilon
Fedhas
Gozag
Hepliaklqana
Kikubaaqudgha
Makhleb
Nemelex Xobeh
Okawaru
Qazlal
Ru
Sif Muna
Trog
Uskayaw
Vehumet
Wu Jian
Xom
Yredelemnul
Zin
The Shining One
Beogh
Jiyva

Shops:
D:9 ?   D:15 (   Orc:2 ((??

Annotations:
D:11 3 runed doors, tensugalgo's ghost, journeyman KoGl


Innate Abilities, Weirdness & Mutations

You cannot wear most types of armour.
You are very stealthy in the water. (Stealth+)
You are amphibious.
You can wear up to eight rings at the same time.
You can use your tentacles to constrict eight enemies at once.
Your skin changes colour to match your surroundings (Stealth+).
Your rubbery body absorbs attacks. (AC +1, EV +1)
Scrolls take you a little longer to read.
Your flesh is very heat resistant. (rF++)
Your magical capacity is low. (-10% MP)
You passively map a small area around you.
You are robust. (+10% HP)
Your muscles are strong. (Str +2)


Message History

The orc warlord shouts!
There is a stone staircase leading down, spattered with blood here.
You block something's attack. You block the orc warrior's attack.
The troll misses you. The troll claws you!
* * * LOW HITPOINT WARNING * * *
The troll misses you. You block the orc warrior's attack.
You block the ogre's attack.
The orc warlord roars a battlecry!
The orcs go into a battle-frenzy!
The orc warrior closely misses you.
The orc warrior hits you from afar with a halberd!!
* * * LOW HITPOINT WARNING * * *
The orc warrior throws a tomahawk.
Reactivating autopickup.
You feel a bit more experienced. You block the troll's attack.
The troll claws you.
* * * LOW HITPOINT WARNING * * *
The troll claws you!
You die...
Xom roars with laughter!

......... *
...#.#...#o#....
............o..#######
.............$.##..#.##
...............#......#
...........o.........##
......ooo......)......#
#....ooo(......o.#....#
*.....oO@T............##
...#..oTo.......T....##
* *,
...............#.#o...#
*
..#............##.o..##
,*
........#.....###.oo.##
............... ##Oo..##
..##......#...# ##oT...#
.. ......#...## #.oT#.##
* , , ##.####


You could see an orc warlord, 2 trolls, 7 orc warriors, an ogre, an orc priest
and 3 orcs.

Vanquished Creatures
  Azrael (D:13)
  Snorg (D:13)
  An ettin (D:15)
  Erolcha (Orc:1)
  7 hydras
  8 vault guards (D:13)
  A rakshasa (D:15)
  An ice dragon (Lair:4)
  A catoblepas (D:15)
  A death knight (D:15)
  6 two-headed ogres
  4 tengu warriors
  A centaur warrior (D:15)
  5 orc high priests
  Urug (Orc:2)
  Sonja (Lair:3)
  An unseen horror (D:13)
  A phantasmal warrior (D:15)
  A deep elf archer (D:15)
  2 deep elf magi
  7 orc knights
  19 ugly things
  6 orc sorcerers (Orc:2)
  2 manticores
  4 cyclopes
  25 spiny frogs
  A centaur zombie (D:15)
  7 elephants (Lair:6)
  4 black mambas
  A komodo dragon (shapeshifter) (D:15)
  A kobold demonologist (D:14)
  5 rime drakes
  An efreet (D:15)
  5 komodo dragons
  A yaktaur (D:13)
  A tengu conjurer (D:15)
  6 trolls
  3 meliai (D:13)
  4 jumping spiders (Lair:4)
  A polar bear (Lair:5)
  4 tyrant leeches
  45 blink frogs
  A hornet (D:9)
  16 hippogriffs
  10 slime creatures
  19 dream sheep
  4 redbacks (Lair:4)
  A water elemental (D:15)
  A shadow (D:13)
  2 wyverns
  A human (D:8)
  4 wraiths
  27 yaks
  3 hogs (D:8)
  A vampire (D:14)
  5 hungry ghosts
  9 vampire mosquitoes
  3 steam dragons
  8 wargs
  Menkaure (D:4)
  A two-headed ogre zombie (D:11)
  An acid dragon (D:13)
  3 insubstantial wisps (Lair:3)
  13 water moccasins
  5 hell hounds (D:13)
  3 porcupines
  A swamp drake (Lair:5)
  3 black bears
  28 orc warriors
  3 ice beasts
  2 phantoms (D:11)
  2 sky beasts
  A necrophage (D:10)
  10 wolves
  6 ogres
  5 centaurs
  8 crocodiles
  3 big kobolds
  35 bullfrogs
  A water moccasin zombie (D:8)
  4 scorpions
  2 troll zombies (D:11)
  8 killer bees
  15 wights
  5 electric eels
  5 howler monkeys
  2 bullfrog zombies
  5 crimson imps
  10 hounds
  6 centaur skeletons
  7 jellies
  2 gnoll shamans
  14 orc priests
  24 orc wizards
  2 bullfrog skeletons
  4 iguanas
  6 hell rats (Lair:6)
  13 worker ants
  5 ogre zombies (D:11)
  A hound skeleton (D:4)
  A howler monkey zombie (D:6)
  10 gnolls
  12 adders
  An adder zombie (D:8)
  5 worms
  2 dart slugs
  5 leopard geckos
  81 orcs
  6 bats
  5 giant cockroaches
  7 goblins
  A hobgoblin (shapeshifter) (D:3)
  4 hobgoblins
  9 jackals
  5 quokkas
  5 frilled lizards
  2 goblin skeletons (D:11)
  2 goblin zombies (D:11)
  2 hobgoblin skeletons
  6 hobgoblin zombies (D:11)
  18 kobolds
  A leopard gecko skeleton (D:4)
  A leopard gecko zombie (D:5)
  4 orc skeletons (D:11)
  9 orc zombies (D:11)
  3 rats
796 creatures vanquished.

Vanquished Creatures (collateral kills)
  A hungry ghost (D:7)
  Eustachio (D:4)
  3 wights (D:6)
  A crimson imp (D:6)
  2 worker ants (D:6)
  An adder (D:2)
9 creatures vanquished.

Vanquished Creatures (others)
  A centaur (D:15)
  A bullfrog (D:15)
  An orc wizard (Orc:1)
  A bush (Lair:6)
  15 fungi
  73 plants (Lair:6)
92 creatures vanquished.

Grand Total: 897 creatures vanquished

Notes
Turn   | Place    | Note
-------+----------+-------------------------------------------
     0 | D:1      | rockstonesolid the Octopode Chaos Knight began the quest
                  | for the Orb.
     0 | D:1      | Reached XP level 1. HP: 16/16 MP: 1/1
    23 | D:1      | XOM: silly message
   277 | D:1      | Reached XP level 2. HP: 19/21 MP: 2/2
   388 | D:1      | XOM: harmless Ice miscast
   586 | D:1      | XOM: give mutations
   586 | D:1      | Gained mutation: You are partially covered in yellow
                  | scales. (AC +2) [Xom's grace]
   586 | D:1      | Gained mutation: Your flesh is heat resistant. (rF+) [Xom's
                  | grace]
   586 | D:1      | Gained mutation: Your mind is acute. (Int +2) [Xom's grace]
   586 | D:1      | Gained mutation: You expend magic power (3 MP) to
                  | strengthen your wands. [Xom's grace]
   692 | D:1      | XOM: harmless Erth miscast
   939 | D:2      | XOM: summons 2 friendly demons
   941 | D:2      | Reached XP level 3. HP: 26/26 MP: 3/3
  1105 | D:2      | XOM is BORED!
  1105 | D:2      | XOM: summons 1 hostile demon
  1506 | D:3      | XOM: divination: detect creatures
  1527 | D:3      | XOM: polymorph dart slug -> leopard gecko
  1531 | D:3      | XOM: butterfly on damage
  1771 | D:3      | Reached XP level 4. HP: 22/33 MP: 4/4
  2972 | D:4      | Reached skill level 4 in Fighting
  2972 | D:4      | Reached XP level 5. HP: 21/37 MP: 5/5
  3121 | D:4      | Noticed Menkaure
  3142 | D:4      | Killed Menkaure
  3142 | D:4      | Reached skill level 5 in Unarmed Combat
  3142 | D:4      | Reached XP level 6. HP: 44/44 MP: 2/7
  3644 | D:4      | Noticed Eustachio
  3644 | D:4      | XOM: cast spell 'Summon Ice Beast'
  3652 | D:4      | Killed Eustachio
  3768 | D:4      | XOM: destruction
  3799 | D:4      | XOM: summons 1 hostile shadow creature
  4011 | D:4      | Reached XP level 7. HP: 49/49 MP: 9/9
  4256 | D:4      | XOM: summons 1 hostile demon
  4271 | D:5      | Entered Level 5 of the Dungeon
  4583 | D:5      | XOM: smoke on damage
  4592 | D:5      | Reached skill level 5 in Fighting
  4714 | D:5      | XOM: god gift: 18 stones
  4739 | D:5      | XOM: harmless Pois miscast
  4935 | D:5      | XOM: enchant monster (bad)
  4951 | D:5      | Reached XP level 8. HP: 37/55 MP: 11/11
  4967 | D:5      | Reached skill level 5 in Evocations
  5375 | D:6      | XOM: stat loss: -1 Dex (11/12)
  5379 | D:6      | Found a hide-covered altar of Uskayaw.
  5379 | D:6      | XOM: summons 8 friendly demons
  5407 | D:6      | XOM: draining
  5432 | D:6      | XOM: enchant monster (good)
  5543 | D:6      | XOM: give mutation
  5543 | D:6      | Gained mutation: Your body sometimes deteriorates upon
                  | taking damage. [Xom's mischief]
  5635 | D:6      | XOM: cleaving
  5746 | D:6      | XOM: give mutations
  5746 | D:6      | Gained mutation: You are resistant to hostile enchantments.
                  | (MR+) [Xom's grace]
  5746 | D:6      | Gained mutation: You are agile. (Dex +2) [Xom's grace]
  5828 | D:6      | XOM: god gift: 52 gold pieces
  5986 | D:7      | XOM: summons friendly quasit
  5999 | D:7      | Reached skill level 6 in Fighting
  5999 | D:7      | Reached XP level 9. HP: 45/62 MP: 12/14
  6203 | D:7      | XOM: medium Air miscast
  6205 | D:7      | Found a burning altar of Makhleb.
  6342 | D:7      | XOM: cloud trail
  6347 | D:7      | Found a glowing silver altar of Zin.
  6347 | D:7      | Noticed an angel
  6348 | D:7      | Noticed an Executioner
  6377 | D:7      | Found a staircase to the Ecumenical Temple.
  6429 | Temple   | Entered the Ecumenical Temple
  6645 | Temple   | Fell from the grace of Xom
  6645 | Temple   | Became a worshipper of Warmaster Okawaru
  7058 | D:7      | Reached skill level 1 in Invocations
  7157 | D:7      | XOM: mild Tloc miscast
  7429 | D:7      | XOM: scenery: create altars
  7738 | D:8      | Found a glowing golden altar of the Shining One.
  7870 | D:8      | Noticed a two-headed ogre
  7880 | D:8      | Killed a two-headed ogre
  7880 | D:8      | Reached * piety under Okawaru
  7880 | D:8      | Reached skill level 7 in Fighting
  8029 | D:8      | XOM: give mutation
  8029 | D:8      | Lost mutation: You are resistant to hostile enchantments.
                  | (MR+) [Xom's mischief]
  8228 | D:8      | Reached XP level 10. HP: 50/71 MP: 12/15
  8389 | D:8      | Reached ** piety under Okawaru
  8474 | D:8      | Reached skill level 5 in Dodging
  8487 | D:8      | Reached skill level 5 in Invocations
  8760 | D:8      | Reached skill level 8 in Fighting
  8839 | D:9      | XOM: noise
  9111 | D:9      | Noticed a two-headed ogre
  9150 | D:9      | Reached *** piety under Okawaru
  9353 | D:9      | XOM: noise
  9420 | D:9      | XOM: mild Pois miscast
  9486 | D:9      | Reached skill level 9 in Fighting
  9688 | D:9      | XOM: confusion (+ monsters)
  9731 | D:9      | Killed a two-headed ogre
  9731 | D:9      | Reached **** piety under Okawaru
  9731 | D:9      | Reached XP level 11. HP: 66/81 MP: 13/16
  9825 | D:9      | XOM: medium Tmut miscast
  9893 | D:9      | XOM: noise
  9953 | D:9      | Learned a level 3 spell: Mephitic Cloud
  9957 | D:9      | Learned a level 3 spell: Ozocubu's Armour
 10095 | D:9      | Found a snail-covered altar of Cheibriados.
 10158 | D:9      | XOM: noise
 10175 | D:9      | Found Coar's Magic Scroll Boutique.
 10178 | D:9      | Bought a scroll of identify for 30 gold pieces
 10178 | D:9      | Bought a scroll of blinking for 112 gold pieces
 10178 | D:9      | Bought a scroll of fog for 30 gold pieces
 10178 | D:9      | Bought a scroll of identify for 30 gold pieces
 10178 | D:9      | Bought a scroll of identify for 30 gold pieces
 10178 | D:9      | Bought a scroll of identify for 30 gold pieces
 10178 | D:9      | Bought a scroll of torment for 112 gold pieces
 10178 | D:9      | Bought a scroll of teleportation for 45 gold pieces
 10178 | D:9      | Bought a scroll of identify for 30 gold pieces
 10326 | D:9      | Found a hazy altar of Hepliaklqana.
 10326 | D:9      | Found a blossoming altar of Fedhas.
 10445 | D:10     | Entered Level 10 of the Dungeon
 10797 | D:10     | XOM: silly message
 10801 | D:10     | Reached skill level 10 in Fighting
 11389 | D:10     | Noticed a cyclops
 11397 | D:10     | Killed a cyclops
 11524 | D:10     | XOM: noise
 11669 | D:10     | Found a staircase to the Lair.
 11716 | D:10     | XOM: mild Pois miscast
 12138 | D:11     | Found a staircase to the Orcish Mines.
 12550 | D:11     | XOM: noise
 12681 | D:11     | Noticed a tengu warrior
 12688 | D:11     | Killed a tengu warrior
 12714 | D:11     | Reached skill level 11 in Fighting
 13114 | D:11     | XOM: mild Air miscast
 13421 | D:11     | Noticed a purple ugly thing
 13433 | D:11     | Killed a purple ugly thing
 13521 | D:11     | Found a runed gate.
 13521 | D:11     | Noticed tensugalgo's ghost (journeyman KoGl)
 13522 | D:11     | Found a runed gate.
 13593 | D:11     | Found a runed gate.
 13827 | D:11     | Found a roughly hewn altar of Beogh.
 13897 | D:12     | Noticed a two-headed ogre
 13908 | D:12     | Killed a two-headed ogre
 13908 | D:12     | Reached skill level 10 in Dodging
 14021 | D:12     | Noticed a two-headed ogre
 14023 | D:12     | Noticed a green ugly thing
 14044 | D:12     | Killed a green ugly thing
 14053 | D:12     | Received a gift from Okawaru
 14053 | D:12     | Reached XP level 12. HP: 39/90 MP: 14/17
 14207 | D:11     | XOM: medium Ice miscast
 14336 | D:11     | XOM: noise
 14387 | D:12     | Killed a two-headed ogre
 14641 | D:12     | XOM: harmless Summ miscast
 14784 | D:12     | Reached skill level 12 in Fighting
 14851 | D:12     | XOM: harmless Ice miscast
 16044 | D:12     | XOM: medium Air miscast
 16276 | D:12     | XOM: noise
 16377 | D:13     | Noticed a four-headed hydra
 16386 | D:13     | Killed a four-headed hydra
 16386 | D:13     | Reached skill level 13 in Fighting
 16387 | D:13     | Reached ***** piety under Okawaru
 16505 | D:13     | XOM: 8-stop teleportation journey
 16506 | D:13     | Noticed Snorg
 16760 | D:13     | Found the amulet of the Four Winds {rN+ MR+++ Clar}
 16809 | D:13     | Killed Snorg
 16809 | D:13     | Received a gift from Okawaru
 16816 | D:13     | Got a shimmering hat {god gift}
 16819 | D:13     | Reached skill level 14 in Fighting
 16990 | D:13     | Found a gate to the Vaults.
 16990 | D:13     | Noticed a vault guard
 16990 | D:13     | Noticed a vault guard
 16990 | D:13     | Noticed a vault guard
 16991 | D:13     | Noticed a vault guard
 17015 | D:13     | Killed a vault guard
 17015 | D:13     | Reached skill level 1 in Spellcasting
 17022 | D:13     | Killed a vault guard
 17022 | D:13     | Reached XP level 13. HP: 60/101 MP: 2/18
 17055 | D:13     | Killed a vault guard
 17182 | D:13     | Identified the +1 hat "Pamim" {MR+ rCorr Slay+5} (Okawaru
                  | gifted it to you on level 13 of the Dungeon)
 17250 | D:13     | Noticed a vault guard
 17340 | D:13     | Killed a vault guard
 17447 | D:13     | XOM: give mutations
 17447 | D:13     | Lost mutation: You expend magic power (3 MP) to strengthen
                  | your wands. [Xom's mischief]
 17447 | D:13     | Gained mutation: You are weak. (Str -2) [Xom's mischief]
 17479 | D:13     | Noticed a vault guard
 17509 | D:13     | Killed a vault guard
 17787 | D:13     | XOM: mild Tmut miscast
 17797 | D:13     | Noticed Azrael
 17803 | D:13     | Killed Azrael
 17835 | D:13     | XOM: give mutations
 17835 | D:13     | Lost mutation: Your body sometimes deteriorates upon taking
                  | damage. [Xom's mischief]
 17835 | D:13     | Gained mutation: Your body sometimes deteriorates upon
                  | taking damage. [Xom's mischief]
 17911 | D:12     | XOM: mild Ice miscast
 18068 | D:13     | Killed a vault guard
 18068 | D:13     | Reached skill level 5 in Shields
 18106 | D:13     | Noticed a vault guard
 18121 | D:13     | Killed a vault guard
 18401 | D:12     | XOM: give mutations
 18401 | D:12     | Lost mutation: Your body sometimes deteriorates upon taking
                  | damage. [Xom's mischief]
 18401 | D:12     | Gained mutation: Your body sometimes deteriorates upon
                  | taking damage. [Xom's mischief]
 18401 | D:12     | Lost mutation: You are agile. (Dex +2) [Xom's mischief]
 18401 | D:12     | Gained mutation: You are clumsy. (Dex -2) [Xom's mischief]
 18477 | D:13     | XOM: noise
 18477 | D:13     | Was forgiven by Xom
 18561 | D:13     | Noticed a vault guard
 18579 | D:13     | Killed a vault guard
 19762 | D:14     | Found an iron altar of Okawaru.
 20243 | Lair:1   | Entered Level 1 of the Lair of Beasts
 22419 | Lair:3   | Reached skill level 10 in Shields
 22477 | Lair:3   | Found a sacrificial altar of Ru.
 22530 | Lair:3   | Reached XP level 14. HP: 58/108 MP: 16/19
 22788 | Lair:3   | Noticed Sonja
 22794 | Lair:3   | Killed Sonja
 23051 | Lair:3   | Received a gift from Okawaru
 23052 | Lair:3   | Found the +0 mask of the Dragon {MR+ Slay+3 SInv}
 23202 | Lair:3   | Found a staircase to the Swamp.
 23794 | Lair:4   | Found a hole to the Spider Nest.
 23835 | Lair:4   | Reached skill level 15 in Fighting
 24774 | Lair:4   | Got a faintly glowing platinum ring
 25503 | Lair:4   | Identified the ring "Plog" {rPois rF- rC+ Int+4} (You found
                  | it on level 4 of the Lair of Beasts)
 25987 | Lair:5   | Found a hazy altar of Hepliaklqana.
 26428 | Lair:5   | Reached skill level 16 in Fighting
 27325 | Lair:6   | Entered Level 6 of the Lair of Beasts
 27325 | Lair:6   | Found a staircase to the Slime Pits.
 27325 | Lair:6   | Found a viscous altar of Jiyva.
 27750 | Lair:6   | Received a gift from Okawaru
 28772 | Lair:6   | Reached skill level 17 in Fighting
 28800 | Lair:6   | Reached XP level 15. HP: 82/120 MP: 20/20
 29121 | Lair:6   | Lost mutation: Your mind is acute. (Int +2) [potion of
                  | mutation]
 29121 | Lair:6   | Lost mutation: You are clumsy. (Dex -2) [potion of
                  | mutation]
 29121 | Lair:6   | Gained mutation: Your flesh is very heat resistant. (rF++)
                  | [potion of mutation]
 29436 | Lair:6   | Learned a level 3 spell: Regeneration
 29683 | Lair:6   | Reached skill level 1 in Charms
 29689 | Lair:6   | Reached skill level 1 in Necromancy
 31239 | D:15     | Entered Level 15 of the Dungeon
 31239 | D:15     | Found Fysir's Antique Weapon Emporium.
 31316 | D:15     | Reached skill level 5 in Spellcasting
 31602 | D:15     | HP: 2/121 [cyan ugly thing (16)]
 32044 | D:15     | Received a gift from Okawaru
 33647 | D:15     | Found a staircase to the Depths.
 33708 | D:15     | Reached XP level 16. HP: 128/128 MP: 26/26
 33712 | D:15     | Reached skill level 5 in Necromancy
 34039 | D:15     | Reached skill level 18 in Fighting
 34473 | D:15     | Found the +0 sword of Power
 34589 | D:15     | Lost mutation: You are weak. (Str -2) [potion of mutation]
 34589 | D:15     | Lost mutation: Your body sometimes deteriorates upon taking
                  | damage. [potion of mutation]
 34589 | D:15     | Gained mutation: Your magical capacity is low. (-10% MP)
                  | [potion of mutation]
 34589 | D:15     | Gained mutation: Scrolls take you a little longer to read.
                  | [potion of mutation]
 34589 | D:15     | Gained mutation: Your spells are a little harder to cast,
                  | but a little more powerful. [potion of mutation]
 34590 | D:15     | Lost mutation: You are partially covered in yellow scales.
                  | (AC +2) [potion of mutation]
 34590 | D:15     | Lost mutation: Your magical capacity is low. (-10% MP)
                  | [potion of mutation]
 34590 | D:15     | Gained mutation: Your magical capacity is low. (-10% MP)
                  | [potion of mutation]
 34590 | D:15     | Gained mutation: You passively map a small area around you.
                  | [potion of mutation]
 34590 | D:15     | Gained mutation: You tend to lose your temper in combat.
                  | [potion of mutation]
 34590 | D:15     | Gained mutation: One of your tentacles bears a spike.
                  | [potion of mutation]
 34593 | D:15     | Lost mutation: You tend to lose your temper in combat.
                  | [potion of mutation]
 34593 | D:15     | Lost mutation: One of your tentacles bears a spike. [potion
                  | of mutation]
 34593 | D:15     | Lost mutation: Your spells are a little harder to cast, but
                  | a little more powerful. [potion of mutation]
 34593 | D:15     | Gained mutation: Your muscles are strong. (Str +2) [potion
                  | of mutation]
 34593 | D:15     | Gained mutation: You are robust. (+10% HP) [potion of
                  | mutation]
 34753 | Orc:1    | Entered Level 1 of the Orcish Mines
 35173 | Orc:2    | Entered Level 2 of the Orcish Mines
 35176 | Orc:2    | Noticed Erolcha
 35177 | Orc:2    | Noticed Urug
 35191 | Orc:1    | Killed Erolcha
 35501 | Orc:2    | Killed Urug
 35713 | Orc:2    | Found a staircase to the Elven Halls.
 37249 | Orc:2    | Found Foskyrhi's Antique Weapon Shoppe.
 37249 | Orc:2    | Found Setim's Weapon Shop.
 37426 | Orc:2    | Found Esank's Magic Scroll Shoppe.
 37426 | Orc:2    | Found Xievejan's Magic Scroll Shop.
 37452 | Orc:2    | Bought a scroll of fear for 49 gold pieces
 37452 | Orc:2    | Bought a scroll of teleportation for 42 gold pieces
 37452 | Orc:2    | Bought a scroll of teleportation for 42 gold pieces
 37453 | Orc:2    | Bought a scroll of fear for 56 gold pieces
 37453 | Orc:2    | Bought a scroll of enchant armour for 120 gold pieces
 37453 | Orc:2    | Bought a scroll of magic mapping for 56 gold pieces
 37453 | Orc:2    | Bought a scroll of enchant armour for 120 gold pieces
 37453 | Orc:2    | Bought a scroll of holy word for 120 gold pieces
 37453 | Orc:2    | Bought a scroll of immolation for 56 gold pieces
 38143 | Orc:1    | HP: 4/140 [troll[an orc warlord] (4)]
 38143 | Orc:1    | Slain by a troll

Skill      XL: |  1  2  3  4  5  6  7  8  9 10 11 12 13 14 15 16 |
---------------+-------------------------------------------------+-----
Unarmed Combat | 4 5 6 8 9 |  9.7
Fighting       | 4 5 6 7 9 11 14 17 18 | 18.3
Evocations     | 2 3 4 6 |  6.9
Invocations    | 4 5 |  5.7
Dodging        | 4 7 10 11 | 11.0
Spellcasting   | 2 7 8 |  8.0
Shields        | 10 | 10.2
Charms         | 2 |  2.8
Necromancy     | 4 6 |  6.0

Action                   |  1- 3 |  4- 6 |  7- 9 | 10-12 | 13-15 | 16-18 || total
-------------------------+-------+-------+-------+-------+-------+-------++-------
Melee: Unarmed           |    91 |   103 |   299 |   725 |  1287 |   277 ||  2782
       Constrict         |    24 |    25 |    52 |   116 |   184 |    60 ||   461
       Tentacles         |     7 |    17 |    49 |   148 |   219 |    65 ||   505
       Punch             |     3 |     5 |    18 |    70 |    80 |    28 ||   204
Invok: Heroism           |       |       |     2 |    48 |    82 |    21 ||   153
Evoke: Wand              |       |     2 |     5 |    15 |    36 |     1 ||    59
       Lightning rod     |       |       |       |     3 |     6 |     4 ||    13
       Lamp of fire      |       |       |       |       |     2 |     1 ||     3
  Use: Scroll            |       |     1 |     4 |    11 |    13 |     5 ||    34
       Potion            |       |       |       |     2 |     5 |     6 ||    13
 Stab: Sleeping          |     4 |     6 |     3 |     9 |     8 |     1 ||    31
       Distracted        |     1 |     1 |       |     1 |     1 |       ||     4
       Paralysed         |       |     7 |    24 |       |     9 |       ||    40
       Betrayed ally     |       |       |     1 |       |       |       ||     1
       Invisible         |       |       |       |       |     3 |       ||     3
  Eat: Chunk             |     3 |     7 |    20 |    23 |    36 |     8 ||    97
       Ration            |       |       |     1 |     3 |     5 |     2 ||    11
Armor: Skin              |    22 |     8 |    41 |    46 |    80 |     7 ||   204
Dodge: Dodged            |    55 |    40 |   138 |   470 |   455 |   137 ||  1295
Block: Other             |    15 |    14 |    35 |   106 |     2 |       ||   172
       Reflection        |     1 |       |     1 |     3 |     9 |     7 ||    21
       Large shield      |       |       |       |       |  1097 |   362 ||  1459
